 Dungeon Crawl Stone Soup version 0.30.1-3-gfc49f6343a (webtiles) character file.

Game seed: 17367095018573381133

17 sampeng1 the Grave Robber (level 2, 18/19 HPs)
             Began as a Mummy Necromancer on July 29, 2023.
             Quit the game on level 1 of the Dungeon.
             The game lasted 00:02:40 (202 turns).

sampeng1 the Grave Robber (Mummy Necromancer)        Turns: 202, Time: 00:02:41

Health: 18/19      AC:  2    Str: 11    XL:     2   Next: 44%
Magic:  3/6        EV: 12    Int: 14    God:
Gold:   13         SH:  0    Dex: 12    Spells: 6/7 levels left

rFire   x . .        b - +0 dagger
rCold   + . .        (no shield)
rNeg    + + +        a - +0 robe
rPois   ∞            (no helmet)
rElec   .            (no cloak)
rCorr   .            (no gloves)
SInv    .            (no boots)
Will    .....        (no amulet)
Stlth   ++           (no ring)
HPRegen 0.23/turn    (no ring)
MPRegen 0.10/turn

%: faith
@: no status effects
A: cold resistance 1, negative energy resistance 3, torment resistance 2, heat
vulnerability 1, no potions, faith
a: no special abilities


You were on level 1 of the Dungeon.
You visited 1 branch of the dungeon, and saw 1 of its levels.

You collected 13 gold pieces.

Inventory:

Hand Weapons
 b - a +0 dagger (weapon)
Armour
 a - a +0 robe (worn)
Scrolls
 c - a scroll of poison {unknown}


   Skills:
 + Level 1.9 Dodging
 + Level 1.9 Stealth
 + Level 3.0 Spellcasting
 + Level 4.1 Necromancy


You had 6 spell levels left.
You knew the following spells:

 Your Spells              Type           Power      Damage    Failure   Level
a - Necrotise             Necr           52%        1d6       3%          1

Your spell library contained the following spells:

 Spells                   Type           Power      Damage    Failure   Level
 Vampiric Draining        Necr           13%        2d6       12%         3
 Animate Dead             Necr           13%        N/A       36%         4
 Agony                    Necr           13%        N/A       71%         5


Dungeon Overview and Level Annotations

Branches:
Dungeon (1/15)

Altars:


Innate Abilities, Weirdness & Mutations

You are immune to poison.
Your flesh is cold resistant. (rC+)
You are immune to negative energy. (rN+++)
You are immune to unholy pain and torment.
You are vulnerable to heat. (rF-)
You do not drink.
You have a special connection with the divine. (Faith)


Message History

You closely miss the hobgoblin. The hobgoblin hits you.
You closely miss the hobgoblin. The hobgoblin misses you.
You hit the hobgoblin.
The hobgoblin is moderately wounded.
The hobgoblin hits you.
You closely miss the hobgoblin.
The hobgoblin is moderately wounded.
The hobgoblin barely misses you.
You hit the hobgoblin but do no damage.
The hobgoblin is moderately wounded.
The hobgoblin closely misses you.
You hit the hobgoblin but do no damage.
The hobgoblin is moderately wounded.
The hobgoblin closely misses you.
Casting: Necrotise (safe; 3% risk of failure)
Confirm with . or Enter, or press ? or * to list all spells.
Aiming: Necrotise (safe; 3% risk of failure)
Press: ? - help, Shift-Dir - straight line, f - hobgoblin
Aim: a hobgoblin (moderately wounded, chance to affect: 83%)
The hobgoblin writhes in agony.
The hobgoblin closely misses you.
Casting: Necrotise (safe; 3% risk of failure)
Confirm with . or Enter, or press ? or * to list all spells.
Aiming: Necrotise (safe; 3% risk of failure)
Press: ? - help, Shift-Dir - straight line, f/p - hobgoblin
Aim: a hobgoblin (heavily wounded, chance to affect: 83%)
The hobgoblin writhes in agony.
You kill the hobgoblin!
You now have 12 gold pieces (gained 10).
You see here a +0 club.
You enter the shallow water.
Moving in this stuff is going to be slow.
You now have 13 gold pieces (gained 1).
There is a faded altar of an unknown god here.
You enter the shallow water.
Moving in this stuff is going to be slow.
Your hobgoblin skeleton crumbles into dust!
There is a faded altar of an unknown god here.
This altar belongs to (a) Dithmenos, (b) Xom or (c) Qazlal, but you can't tell which.
Press the corresponding letter to learn more about a god, or press enter to convert or escape to cancel.
Okay, then.
Are you sure you want to abandon this character and quit the game? (Confirm with "yes".)

#.#....# #. #^##..
#......# #. #..#.
#......# #. #....
#......# #.
#...####......####.
##......#[..........
#.....#.#.....)#.###
##.~~~.#...>......###
#..~@~).##........##.
#..~~~..###........#.
#........###.........
#.#.............#.###
#........####.....#.#
#.........##....##...
#...............# ...
#......##.#.... ...
#...>.......#... ...


There were no monsters in sight!

Vanquished Creatures
  2 ball pythons (D:1)
  A giant cockroach (D:1)
  2 goblins (D:1)
  3 hobgoblins (D:1)
  A quokka (D:1)
  2 bats (D:1)
11 creatures vanquished.

Vanquished Creatures (collateral kills)
  A goblin (D:1)
  A hobgoblin (D:1)
2 creatures vanquished.

Grand Total: 13 creatures vanquished

Notes
Turn   | Place    | Note
-------+----------+-------------------------------------------
     0 | D:1      | sampeng1 the Mummy Necromancer began the quest for the Orb.
     0 | D:1      | Reached XP level 1. HP: 13/13 MP: 4/4
   101 | D:1      | Found a faded altar of an unknown god.
   115 | D:1      | Reached XP level 2. HP: 12/19 MP: 0/5
   202 | D:1      | Quit the game

Illustrated notes

Levels and vault maps discovered:
D:1:      co_arrival_square_in_a_square_in_a_square, layout_rooms,
          hellmonk_ecumenical_altar_pennies_from_heaven,
          hangedman_decor_clover_reticule

Skill      XL: |  1  2 |
---------------+-------+-----
Spellcasting   | 3 |  3.0
Dodging        | |  1.9
Stealth        | |  1.9
Necromancy     | |  4.1

Action                     || total
---------------------------++-------
  Melee: Dagger            ||    29
         Punch             ||     1
   Cast: Necrotise         ||    17
 Armour: Robe              ||    20
  Dodge: Dodged            ||    34
